 Dungeon Crawl Stone Soup version 0.30.1-9-gdf580d7c3d (webtiles) character file.

Game seed: 7470021982443500651

8366 Peloso the Carver (level 11, -5/101 HPs)
             Began as a Minotaur Fighter on Oct 12, 2023.
             Was an Elder of Okawaru.
             Slain by an acid dragon (8 damage)
             ... on level 10 of the Dungeon.
             The game lasted 00:14:12 (9251 turns).

Peloso the Carver (Minotaur Fighter)                Turns: 9251, Time: 00:14:13

Health: -5/101     AC:  9    Str: 22    XL:     11   Next: 9%
Magic:  11/11      EV:  6    Int:  5    God:    Okawaru [****..]
Gold:   250        SH: 10    Dex: 13    Spells: 10/10 levels left

rFire   . . .        a - +0 long sword
rCold   . . .        d - +0 kite shield
rNeg    . . .        v - +0 plate armour
rPois   .            (helmet restricted)
rElec   .            (no cloak)
rCorr   +            l - +0 pair of gloves
SInv    .            m - +0 pair of boots
Will    +....        (no amulet) Stlth
                     r - ring of willpower
HPRegen 0.36/turn    t - ring of resist corrosion
MPRegen 0.12/turn

%: no passive effects
@: corroded, invisible
A: horns 2, retaliatory headbutt
a: Renounce Religion, Heroism, Finesse


You were on level 10 of the Dungeon.
You worshipped Okawaru.
Okawaru was greatly pleased with you.
You visited 1 branch of the dungeon, and saw 10 of its levels.

You collected 456 gold pieces.
You spent 206 gold pieces at shops.

Inventory:

Hand Weapons
 a - a +0 long sword (weapon)
 b - a +2 hand axe of flaming
Armour
 c - a +0 chain mail
 d - a +0 kite shield (worn)
 l - a +0 pair of gloves (worn)
 m - a +0 pair of boots (worn)
 v - a +0 plate armour (worn)
Jewellery
 r - a ring of willpower (left hand)
 t - a ring of resist corrosion (right hand)
 C - a ring of fire
 L - an amulet of faith
 M - a ring of protection from cold
Wands
 q - a wand of flame (15)
 x - a wand of mindburst (15)
 y - a wand of acid (8)
 H - a wand of paralysis (5)
Scrolls
 e - 2 scrolls of noise
 g - a scroll of amnesia {unknown}
 k - 2 scrolls of poison
 p - 4 scrolls of teleportation {unknown}
 s - 2 scrolls of vulnerability {unknown}
 u - 3 scrolls of magic mapping {unknown}
 B - 4 scrolls of blinking {unknown}
 D - a scroll of silence {unknown}
 E - a scroll of fog {unknown}
 J - a scroll of immolation {unknown}
Potions
 f - 2 potions of flight
 h - 2 potions of might
 i - 2 potions of invisibility
 j - 2 potions of curing
 n - 3 potions of haste
 o - 3 potions of lignification
 w - a potion of ambrosia {unknown}
 z - 7 potions of brilliance {unknown}
 F - a potion of magic {unknown}
 G - a potion of resistance {unknown}
 K - a potion of cancellation {unknown}


   Skills:
 + Level 10.4 Fighting
 + Level 12.9 Long Blades
 + Level 10.3 Armour
 + Level 2.1 Dodging
 + Level 1.5 Stealth
 + Level 8.3 Shields
 + Level 1.7 Invocations
 + Level 0.3 Evocations


You had 10 spell levels left.
You didn't know any spells.
Your spell library was empty.

Dungeon Overview and Level Annotations

Branches:
Dungeon (10/15)            Temple (0/1) D:5            Lair (0/5) D:8
    Orc: D:9-12

Altars:
Elyvilon
Okawaru
Qazlal
Zin

Shops:
D:6 **(

Annotations:
D:4 2 runed translucent doors, VerbalBBQ's ghost, amateur FoFi


Innate Abilities, Weirdness & Mutations

You have a pair of horns on your head.
You reflexively headbutt those who attack you in melee.


Message History

The acid dragon is almost dead.
The acid dragon bites you.
* * * LOW HITPOINT WARNING * * *
You block the acid dragon's attack.
You hit the acid dragon but do no damage.
The acid dragon is almost dead.
You hit the acid dragon but do no damage.
The acid dragon is almost dead.
You feel like a meek peon again. You block the acid dragon's attack.
The acid dragon claws you but does no damage.
You feel better.
The acid dragon bites you but does no damage.
The acid dragon claws you but does no damage.
Unknown command.
You catch the helpless acid dragon completely off-guard!
You hit the acid dragon but do no damage.
The acid dragon is almost dead.
The acid dragon bites you but does no damage.
The acid dragon claws you but does no damage.
You barely miss the acid dragon.
The acid dragon is almost dead.
The acid dragon bites you but does no damage.
You block the acid dragon's attack.
You hit the acid dragon.
The acid dragon is almost dead.
You block the acid dragon's attack. x2
You hit the acid dragon but do no damage.
The acid dragon is almost dead.
You closely miss the acid dragon. Your headbutt misses the acid dragon.
The acid dragon is almost dead.
The acid dragon spits acid at you. The splash of acid hits you! You resist.
* * * LOW HITPOINT WARNING * * *
The acid corrodes you!
You hit the acid dragon but do no damage.
Your headbutt misses the acid dragon.
The acid dragon is almost dead.
The acid dragon bites you!
You die...

#.!.<....>.#
#.......####
#......##
#.(...##...
#)#####.......
#.# ##........
#.###.........
#†##..........
#@##....J.....
#D.#.......#..
##.'........≈≈
#.'........§§
###....$.$#..
#..........
#..........
##.........
##........


You could see an acid dragon (unable to see you, catching breath).

Vanquished Creatures
  A centaur warrior (D:10)
  Maggie (D:6)
  Prince Ribbit (D:5)
  20 yaks
  2 wyverns (D:9)
  2 water moccasins (D:6)
  Duvessa (D:6)
  3 orc warriors
  A sky beast (D:6)
  An ice beast (D:6)
  2 black bears
  An ogre (D:4)
  2 centaurs (D:8)
  A kobold brigand (D:8)
  A phantom (D:7)
  7 scorpions
  7 bullfrogs
  2 gnoll sergeants
  6 wights
  A water moccasin skeleton (D:3)
  Dowan (D:6)
  8 killer bees
  2 jellies
  A howler monkey (D:8)
  3 hounds
  9 orc priests
  A sleepcap (D:8)
  A gnoll bouda (D:5)
  2 iguanas
  5 orc wizards
  A hound zombie (D:3)
  A howler monkey zombie (D:3)
  6 gnolls
  9 adders
  3 white imps
  An ufetubus (D:6)
  2 adder zombies (D:3)
  An adder skeleton (D:3)
  2 worms (D:3)
  23 orcs
  A bat (D:1)
  4 endoplasms
  2 giant cockroaches
  2 goblins
  3 hobgoblins
  2 jackals (D:4)
  3 quokkas
  7 ball pythons
  A ball python skeleton (D:3)
  A ball python zombie (D:3)
  2 frilled lizards
  A jackal skeleton (D:3)
  12 kobolds
  A quokka skeleton (D:3)
  2 quokka zombies (D:3)
  2 rats (D:2)
191 creatures vanquished.

Vanquished Creatures (others)
  A slime creature (D:10)
1 creature vanquished.

Grand Total: 192 creatures vanquished

Notes
Turn   | Place    | Note
-------+----------+-------------------------------------------
     0 | D:1      | Peloso the Minotaur Fighter began the quest for the Orb.
     0 | D:1      | Reached XP level 1. HP: 19/19 MP: 0/0
   185 | D:1      | Reached XP level 2. HP: 22/27 MP: 1/1
   668 | D:2      | Found an iron altar of Okawaru.
   721 | D:2      | Became a worshipper of Warmaster Okawaru
  1090 | D:3      | Reached skill level 3 in Long Blades
  1141 | D:3      | Reached skill level 4 in Long Blades
  1141 | D:3      | Reached XP level 3. HP: 28/33 MP: 2/2
  1141 | D:3      | Reached XP level 4. HP: 34/40 MP: 3/3
  1376 | D:3      | Found a faded altar of an unknown god.
  1582 | D:3      | Found a glowing silver altar of Zin.
  1642 | D:3      | Reached * piety under Okawaru
  1643 | D:3      | Reached XP level 5. HP: 44/46 MP: 4/4
  1987 | D:3      | Reached skill level 5 in Long Blades
  2232 | D:4      | Reached skill level 1 in Dodging
  2232 | D:4      | Reached XP level 6. HP: 37/53 MP: 5/5
  2419 | D:4      | Reached skill level 6 in Long Blades
  2584 | D:4      | Reached skill level 5 in Fighting
  2584 | D:4      | Reached skill level 5 in Armour
  2680 | D:4      | Reached ** piety under Okawaru
  2883 | D:4      | Found a large runed translucent door.
  2883 | D:4      | Found a large runed translucent door.
  2885 | D:4      | Noticed VerbalBBQ's ghost (amateur FoFi)
  2978 | D:4      | Reached XP level 7. HP: 31/61 MP: 3/6
  2980 | D:4      | Reached skill level 7 in Long Blades
  3139 | D:4      | Found an iron altar of Okawaru.
  3144 | D:4      | Found a stormy altar of Qazlal.
  3460 | D:5      | Entered Level 5 of the Dungeon
  4143 | D:5      | Noticed Prince Ribbit
  4161 | D:5      | Killed Prince Ribbit
  4162 | D:5      | Reached skill level 8 in Long Blades
  4162 | D:5      | Reached XP level 8. HP: 50/70 MP: 5/7
  4506 | D:5      | Found a staircase to the Ecumenical Temple.
  4576 | D:5      | Reached *** piety under Okawaru
  4591 | D:5      | Reached skill level 5 in Shields
  4858 | D:6      | Reached skill level 9 in Long Blades
  5104 | D:6      | Noticed Dowan
  5108 | D:6      | Noticed Duvessa
  5112 | D:6      | Reached XP level 9. HP: 78/81 MP: 5/8
  5119 | D:6      | Killed Duvessa
  5125 | D:6      | Killed Dowan
  5399 | D:6      | Noticed Maggie
  5415 | D:6      | Killed Maggie
  5415 | D:6      | Reached **** piety under Okawaru
  5538 | D:6      | Reached skill level 1 in Stealth
  5568 | D:6      | Found Boaqoch's Assorted Antiques.
  5574 | D:6      | Bought a scroll labelled ASHRALL IMMEALY for 31 gold pieces
  5574 | D:6      | Bought 2 dark potions for 55 gold pieces
  5616 | D:6      | Reached skill level 10 in Long Blades
  5767 | D:6      | Reached skill level 1 in Invocations
  6053 | D:6      | Found Zula's Weapon Emporium.
  6073 | D:6      | Found Ceozilak's Assorted Antiques.
  6087 | D:6      | Bought a scroll labelled NUUNLY FIUM for 31 gold pieces
  6087 | D:6      | Bought a scroll labelled YSOWAVVORU for 31 gold pieces
  6087 | D:6      | Bought a scroll labelled MOINLA ERIFF for 31 gold pieces
  6087 | D:6      | Bought a dark potion for 27 gold pieces
  6199 | D:7      | Reached skill level 11 in Long Blades
  6365 | D:7      | Identified the +0 robe of the Festooned God {Str+6 Dex+4}
  6688 | D:7      | Reached XP level 10. HP: 86/91 MP: 9/9
  7132 | D:8      | Identified the +1 ring mail of Ynlunagg {Str+5}
  7719 | D:8      | Found a staircase to the Lair.
  8331 | D:9      | Found a white marble altar of Elyvilon.
  8384 | D:9      | Reached skill level 12 in Long Blades
  9061 | D:10     | Entered Level 10 of the Dungeon
  9099 | D:10     | Noticed a centaur warrior
  9118 | D:10     | Killed a centaur warrior
  9118 | D:10     | Received a gift from Okawaru
  9119 | D:10     | Reached skill level 10 in Fighting
  9154 | D:10     | Reached skill level 10 in Armour
  9177 | D:10     | Reached XP level 11. HP: 35/101 MP: 9/11
  9242 | D:10     | HP: 3/101 [acid dragon (6)]
  9250 | D:10     | HP: 2/101 [acid dragon/splash of acid (14)]
  9251 | D:10     | Slain by an acid dragon

Illustrated notes

Levels and vault maps discovered:
D:1:      roderic_crossed_star, layout_rooms, reono_crystal_passage,
          minmay_cut_off
D:2:      layout_rooms, basic_altar
D:3:      layout_basic, mainiacjoe_overflow_boulevard, serial_undead,
          serial_undead_d, serial_undead_a, serial_undead_e, serial_undead_b,
          serial_undead_b, serial_undead_c, serial_undead_d,
          dreamdust_ecumenical_altar_grove, minivault_27
D:4:      layout_basic, mainiacjoe_overflow_big_doors,
          ebering_ghost_disaster_area, minmay_crossroads
D:5:      layout_cave_pods, temple_hall, nicolae_grassy_gnolls,
          uniq_prince_ribbit1
D:6:      layout_basic, serial_shops, shop, shop, shop, uniq_duvessa,
          uniq_maggie
D:7:      layout_basic
D:8:      layout_basic, grunt_lair_entry_orc_guard_hut,
          nicolae_underground_beach
D:9:      layout_layer_cave, mainiacjoe_overflow_small_starburst, serial_glass,
          glass_columns_a, glass_columns_c, eino_tiny_chamber
D:10:     kennysheep_big_flooded_room, layout_rooms,
          mainiacjoe_overflow_six_doors_small, enter_bailey_3

Skill      XL: |  1  2  3  4  5  6  7  8  9 10 |
---------------+-------------------------------+-----
Shields        | 4 5 7 8 |  8.3
Fighting       | 4 5 6 7 9 10 | 10.4
Long Blades    | 4 5 6 8 9 11 12 | 12.9
Armour         | 4 5 6 7 8 10 | 10.3
Dodging        | 1 2 |  2.1
Stealth        | 1 |  1.5
Invocations    | 1 |  1.7
Evocations     | |  0.3

Action                     |  1- 3 |  4- 6 |  7- 9 | 10-12 || total
---------------------------+-------+-------+-------+-------++-------
  Melee: Long sword        |    59 |   143 |   311 |   351 ||   864
         Headbutt          |    13 |    19 |    68 |    84 ||   184
 Invoke: Heroism           |       |     1 |     7 |     9 ||    17
  Evoke: Wand              |       |       |     1 |       ||     1
    Use: Scroll            |     4 |       |     3 |     3 ||    10
         Potion            |     1 |     2 |     2 |     4 ||     9
   Stab: Invisible         |       |       |       |     2 ||     2
 Armour: Scale mail        |    14 |       |       |       ||    14
         Chain mail        |    16 |    72 |    57 |       ||   145
         Plate armour      |       |       |    69 |   147 ||   216
  Dodge: Dodged            |    20 |    42 |    64 |    70 ||   196
  Block: Buckler           |    15 |    27 |    17 |       ||    59
         Kite shield       |       |       |    80 |   146 ||   226
